 Dungeon Crawl Stone Soup version 0.27-a0-1301-g128193abf8 (webtiles) character file.

Game seed: 12295702642605975374

2135 Johnny the Thaumaturge (level 9, 0/85 HPs)
             Began as a Deep Elf Earth Elementalist on June 17, 2021.
             Slain by Harold (3 damage)
             ... on level 7 of the Dungeon.
             The game lasted 00:07:02 (7548 turns).

Johnny the Thaumaturge (DEEE)                       Turns: 7548, Time: 00:07:03

Health: 0/85       AC: 24    Str:  5    XL:     9   Next: 9%
Magic:  23/23      EV:  2    Int: 24    God:
Gold:   469        SH:  0    Dex: 15    Spells: 20/24 levels left

rFire    . . .     SeeInvis .   m - staff of conjuration
rCold    . . .     Faith    .   (no shield)
rNeg     + + +     Spirit   .   (armour currently unavailable)
rPois    +         Reflect  .   (helmet currently unavailable)
rElec    .         Harm     .   (cloak currently unavailable)
rCorr    +         Rampage  .   (gloves currently unavailable)
Will     .....     NoTele   +   (boots currently unavailable)
Stlth    ++........             k - amulet of magic regeneration
HPRegen  0.24/turn              r - ring of resist corrosion
MPRegen  0.43/turn              (no ring)

@: brilliant, tree-form, marked
A: stationary, stasis, torment immunity, boosted hp
a: no special abilities


You were on level 7 of the Dungeon.
You were a tree.
You visited 2 branches of the dungeon, and saw 8 of its levels.

You collected 469 gold pieces.

Inventory:

Missiles
 c - 144 stones
Armour
 g - a +3 leather armour of fire resistance (melded)
 p - a +0 pair of boots (melded)
Magical Staves
 m - a staff of conjuration (weapon)
Jewellery
 d - an amulet of regeneration
 i - an amulet of the acrobat
 k - an amulet of magic regeneration (around neck)
 r - a ring of resist corrosion (left branch)
 v - a ring of ice
Wands
 o - a wand of digging (3)
 w - a wand of flame (21)
 y - a wand of paralysis (1)
Scrolls
 j - a scroll of teleportation {unknown}
 n - a scroll of enchant weapon {unknown}
 q - 4 scrolls of identify
 s - 3 scrolls of enchant armour {unknown}
 x - a scroll of fog {unknown}
Potions
 b - a potion of attraction
 l - a potion of mutation
 t - 3 potions of curing
 u - a potion of might
 A - a potion of brilliance


   Skills:
 * Level 7.0 Fighting
 - Level 2.4 Dodging
 - Level 2.4 Stealth
 + Level 8.4 Spellcasting
 - Level 1.1 Transmutations
 + Level 7.3 Earth Magic


You had 20 spell levels left.
You knew the following spells:

 Your Spells              Type           Power      Damage    Failure   Level
a - Sandblast             Erth           100%       2d20      1%          1
b - Stone Arrow           Conj/Erth      100%       3d13      4%          3

Your spell library contained the following spells:

 Spells                   Type           Power      Damage    Failure   Level
 Passwall                 Tmut/Erth      37%        N/A       1%          2
 Lee's Rapid Deconstruct  Erth           31%        3d17*     9%          5
 Petrify                  Tmut/Erth      45%        N/A       11%         4


Dungeon Overview and Level Annotations

Branches:
Dungeon (7/15)             Temple (1/1) D:5

Altars:
Cheibriados
Elyvilon
Fedhas
Gozag
Kikubaaqudgha
Makhleb
Nemelex Xobeh
Okawaru
Qazlal
Ru
Sif Muna
Trog
Vehumet
Xom
Zin
The Shining One

Annotations:
D:4 4 runed translucent doors, Crazy Yiuf; Hector's ghost, amateur FoAK
D:7 Harold; Pikel


Message History

The mark upon you grows brighter.
Harold hits you from afar with a +0 halberd of flaming!
* * * LOW HITPOINT WARNING * * *
Harold burns you.
* * * LOW HITPOINT WARNING * * *
You hear a horrible gurgling sound!
You hear a shout! x2; You hear a roar!
Something shouts, "Leave, thou fulsome half-faced clam!"
Okay, then.
It was a potion of brilliance.
You feel clever all of a sudden. The lemure hits you.
* * * LOW HITPOINT WARNING * * *
Harold hits you but does no damage.
Press: ? - help, v - describe, . - travel
Here: Harold, wielding a +0 halberd of flaming, wearing a +2 chain mail of willpower and quivering a throwing net (lightly wounded)
The floor.
Unknown command.
Okay, then.
As you read the scroll labelled TIWUMNI ZINUJIWI, it crumbles to dust.
You feel aware of your surroundings.
You sensed 4 altars.
It was a scroll of magic mapping.
The lemure hits you but does no damage. Harold hits you but does no damage.
As you read the scroll labelled PADYLI JOAQEP, it crumbles to dust.
It is a scroll of amnesia.
Really abort (and waste the scroll)? [Y]es or [N]o only, please.
Really abort (and waste the scroll)? [Y]es or [N]o only, please.
Really abort (and waste the scroll)?
Okay, then.
The lemure hits you but does no damage. Pikel hits you but does no damage.
Harold hits you but does no damage.
As you read the scroll labelled KANOMI JARUMEU, it crumbles to dust.
You cannot blink because you are held in place by your roots.
It was a scroll of blinking.
The lemure hits you but does no damage. Pikel hits you but does no damage.
Harold hits you from afar with a +0 halberd of flaming.
* * * LOW HITPOINT WARNING * * *
Harold burns you.
You die...

#### #.5########**
#####K........,******
##########...♣5@.......,,,,,,,
#..........#.5≈5##.....,,,,,,,
##.#....###..≈≈#≈≈#**###,>,,,,,
#.[#[........≈###≈#*****,,,,,,,
#<.......####≈#,*≈≈#*,,,,,,,,,,
**###.....##
*≈≈#,*#≈#*,***,,,,,, ,*
##.....###≈##,,*≈#*,* *,,,,,,
,* #......##≈#,,,*≈#*,* *,,,,,,
.##* #......##≈#,*,*≈≈*,*
*,,,,,,


You could see Harold, Pikel and 4 lemures.

Vanquished Creatures
  Eustachio (D:6)
  4 humans
  2 water moccasins
  An ice beast (D:6)
  A hornet zombie (D:6)
  2 phantoms
  Blork the orc (D:6)
  2 scorpions
  A water moccasin zombie (D:5)
  A bullfrog zombie (D:6)
  A centaur zombie (D:6)
  An orc priest (D:4)
  2 hounds
  2 centaur skeletons
  3 bullfrog skeletons
  3 iguanas
  2 orc wizards
  A hound skeleton (D:5)
  9 adders
  A shadow imp (D:6)
  2 white imps
  An adder skeleton (D:4)
  A worm (D:3)
  2 dart slugs
  17 orcs
  4 endoplasms
  3 giant cockroaches (D:1)
  3 goblins
  4 hobgoblins
  7 jackals (D:1)
  2 quokkas
  2 ball pythons
  6 bats
  3 frilled lizards
  6 kobolds
  2 rats
106 creatures vanquished.

Vanquished Creatures (others)
  14 plants (D:1)
14 creatures vanquished.

Grand Total: 120 creatures vanquished

Notes
Turn   | Place    | Note
-------+----------+-------------------------------------------
     0 | D:1      | Johnny the Deep Elf Earth Elementalist began the quest for
                  | the Orb.
     0 | D:1      | Reached XP level 1. HP: 10/10 MP: 6/6
   118 | D:1      | Reached XP level 2. HP: 9/16 MP: 6/8
   478 | D:1      | Reached skill level 1 in Fighting
   601 | D:1      | You fall into a shaft and drop 1 floor!
   681 | D:2      | You fall into a shaft and drop 2 floors!
   696 | D:3      | Found an iron altar of Okawaru.
  1072 | D:2      | Reached XP level 3. HP: 14/20 MP: 10/10
  1569 | D:2      | Found a faded altar of an unknown god.
  2636 | D:3      | Found a blossoming altar of Fedhas.
  2904 | D:3      | Reached XP level 4. HP: 26/26 MP: 8/11
  3180 | D:4      | Reached skill level 4 in Spellcasting
  3615 | D:4      | Found a bloodstained altar of Trog.
  3674 | D:4      | Found a radiant altar of Vehumet.
  3781 | D:4      | Found a runed translucent gate.
  3781 | D:4      | Found a runed translucent gate.
  3782 | D:4      | Noticed Hector's ghost (amateur FoAK)
  3784 | D:4      | Found a runed translucent gate.
  3916 | D:4      | Found a runed translucent door.
  3917 | D:4      | Noticed Crazy Yiuf
  4012 | D:4      | Reached XP level 5. HP: 24/31 MP: 3/13
  4107 | D:4      | Found a shimmering altar of Xom.
  4300 | D:5      | Entered Level 5 of the Dungeon
  4322 | D:5      | Found a sacrificial altar of Ru.
  4558 | D:5      | Noticed a phantom
  4580 | D:5      | Killed a phantom
  4581 | D:5      | Reached XP level 6. HP: 10/37 MP: 6/15
  4968 | D:5      | Learned a level 3 spell: Stone Arrow
  4985 | D:5      | Reached skill level 5 in Spellcasting
  5014 | D:5      | Found a staircase to the Ecumenical Temple.
  5114 | Temple   | Entered the Ecumenical Temple
  5325 | D:5      | Reached skill level 5 in Earth Magic
  5769 | D:6      | Reached XP level 7. HP: 37/43 MP: 8/17
  5823 | D:6      | Found an ancient bone altar of Kikubaaqudgha.
  5918 | D:6      | Noticed Eustachio
  5924 | D:6      | Killed Eustachio
  5925 | D:6      | Reached skill level 6 in Spellcasting
  6042 | D:6      | Noticed Blork the orc
  6048 | D:6      | Killed Blork the orc
  6049 | D:6      | Reached skill level 5 in Fighting
  6129 | D:6      | Reached XP level 8. HP: 49/49 MP: 4/20
  6244 | D:6      | Reached skill level 7 in Spellcasting
  6868 | D:6      | Reached skill level 8 in Spellcasting
  7022 | D:6      | Reached XP level 9. HP: 47/56 MP: 11/23
  7526 | D:7      | Noticed Harold
  7539 | D:7      | Noticed Pikel
  7548 | D:7      | HP: 3/85 [Harold (6)]
  7548 | D:7      | Slain by Harold

Illustrated notes

Levels and vault maps discovered:
D:1:      tarquinn_simple_flora_water_b, layout_rooms, chequers_big_river,
          minmay_liquid_box, minmay_misc_feat_plants, lemuel_another_geyser
D:2:      layout_loops_corners, hellmonk_ecumenical_altar_heavens_door
D:3:      layout_basic, old_standard_altar, overflow_temple_1_default
D:4:      layout_cave_pods, kennysheep_little_box, lemuel_round_altar,
          amcnicky_altar_gilded, ebering_ghost_rock_garden,
          uniq_crazy_yiuf_cottage
D:5:      minmay_diamond_boxcup, layout_cave_pools, lemuel_crystal_altar,
          minmay_temple_entry_gardened_gates
D:6:      layout_cave_pools, lemuel_doored_altar, grunt_decor_cap,
          minmay_ruffians, uniq_eustachio, uniq_blork_the_orc
D:7:      layout_rooms, nicolae_overflow_crystal_walls,
          gammafunk_temple_overflow_claw, minmay_manual_mullet, uniq_pikel,
          uniq_harold
Temple:   kb_temple_of_zot

Skill      XL: |  1  2  3  4  5  6  7  8  9 |
---------------+----------------------------+-----
Fighting       | 1 2 3 4 5 6 7 |  7.0
Spellcasting   | 4 5 6 8 |  8.4
Earth Magic    | 4 5 6 7 |  7.3
Dodging        | |  2.4
Stealth        | |  2.4
Transmutations | |  1.1

Action                   |  1- 3 |  4- 6 |  7- 9 || total
-------------------------+-------+-------+-------++-------
Melee: Whip              |    37 |       |       ||    37
       Dagger            |    75 |    48 |       ||   123
       Staff             |       |     9 |     4 ||    13
 Cast: Sandblast         |    30 |    44 |     7 ||    81
       Stone Arrow       |       |    17 |    72 ||    89
Evoke: Wand              |       |       |     9 ||     9
  Use: Potion            |       |     4 |     3 ||     7
       Scroll            |       |       |     5 ||     5
 Stab: Sleeping          |     5 |       |       ||     5
Armor: Robe              |    44 |    26 |       ||    70
       Skin              |       |     3 |    11 ||    14
       Leather armour    |       |       |    23 ||    23
Dodge: Dodged            |    72 |    55 |    60 ||   187

Table legend: (Time is in decaauts)
 A = Elapsed time spent in this place.
 B = Non-inter-level travel time spent in this place.
 C = Inter-level travel time spent in this place.
 D = Time resting spent in this place.
 E = Time spent auto-exploring this place.
 F = Levels seen in this place.
 G = Mean time per level.
                   A        B        C        D        E       F      G
               +--------+--------+--------+--------+--------+-----+--------+
         Total |   7576 |   7344 |    232 |   1223 |   5201 |   8 |  947.0 |
       Dungeon |   7467 |   7251 |    216 |   1223 |   5109 |   7 | 1066.7 |
        Temple |    108 |     93 |     15 |      0 |     92 |   1 |  108.0 |
               +--------+--------+--------+--------+--------+-----+--------+

Top non-repeatable levels by time:
     D:1: 1403 daAuts
     D:5: 1355 daAuts
     D:4: 1168 daAuts
     D:2: 1119 daAuts
     D:6: 1109 daAuts
     D:7: 680 daAuts
     D:3: 631 daAuts
  Temple: 108 daAuts
